 Dungeon Crawl Stone Soup version 0.16.0-17-g811c1d7 (webtiles) character file.

2143 ajon the Thaumaturge (level 9, -16/57 HPs)
             Began as a Merfolk Ice Elementalist on Mar 21, 2015.
             Was a Follower of Qazlal.
             Demolished by a yak (17 damage)
             ... on level 7 of the Dungeon.
             The game lasted 00:39:57 (9429 turns).

ajon the Thaumaturge (Merfolk Ice Elementalist)     Turns: 9429, Time: 00:39:57

Health: -16/57     AC:  9    Str:  8    XL:     9   Next: 30%
Magic:  26/26      EV: 13    Int: 18    God:    Qazlal [*.....]
Gold:   305        SH:  8    Dex: 14    Spells: 5 memorised, 12 levels left

rFire  + . .     SeeInvis .     j - +0 halberd
rCold  + . .     Clarity  .     a - +0 robe
rNeg   . . .     SustAb   .     (no shield)
rPois  +         Gourm    .     (no helmet)
rElec  +         Spirit   .     (no cloak)
rCorr  +         Warding  .     (no gloves)
rMut   .         Stasis   .     r - +0 pair of boots
MR     +....                    (no amulet)
Stlth  ++........               (no ring)
                                w - ring of protection from magic

@: icy armour, icy shield, resistant, somewhat resistant to hostile
enchantments, unstealthy
A: change form in water, swift swim
a: Renounce Religion


You were on level 7 of the Dungeon.
You worshipped Qazlal.
Qazlal was aware of your devotion.
You were not hungry.

You visited 2 branches of the dungeon, and saw 8 of its levels.

You collected 305 gold pieces.

Inventory:

Hand weapons
 j - a +0 halberd (weapon)
Armour
 a - a +0 robe (worn)
 r - a +0 pair of boots (worn)
 y - a +0 gold dragon armour
Rods
 u - a +0 iron rod (12/12)
   (You found it on level 4 of the Dungeon)
Jewellery
 p - an uncursed ring of invisibility {unknown}
 w - a ring of protection from magic (left hand)
 B - an uncursed amulet of guardian spirit {unknown}
 E - an uncursed ring of invisibility {unknown}
Magical devices
 v - a wand of invisibility (6)
 I - a wand of cold (6)
Scrolls
 d - a scroll of recharging {unknown}
 e - 6 scrolls of identify {unknown}
 f - a scroll of teleportation {unknown}
 g - 2 scrolls of fog {unknown}
 h - 10 scrolls of remove curse {unknown}
 k - 2 scrolls of random uselessness {unknown}
 l - a scroll of blinking {unknown}
 A - a scroll of magic mapping {unknown}
 C - a scroll of immolation {unknown}
 H - a scroll of enchant weapon {unknown}
Potions
 i - a potion of magic
 m - 2 potions of curing
 q - 2 potions of restore abilities {unknown}
 s - a potion of cancellation {unknown}
 t - 2 potions of agility {unknown}
 x - a potion of heal wounds {unknown}
 z - a potion of resistance
 D - a potion of poison {unknown}
 F - a potion of cure mutation {unknown}
Books
 b - a book of Frost

   Spells                             Type                      Level
   a - Freeze                         Ice                          1
   b - Throw Frost                    Conjuration/Ice              2
   c - Ozocubu's Armour               Charms/Ice                   3
   d - Throw Icicle                   Conjuration/Ice              4
   e - Summon Ice Beast               Ice/Summoning                4
   f - Condensation Shield            Ice                          4
 o - a book of Summonings

   Spells                             Type                      Level
   a - Abjuration                     Summoning                    3
   b - Recall                         Summoning/Translocation      3
   c - Shadow Creatures               Summoning                    5
   d - Summon Demon                   Summoning                    5
   e - Summon Forest                  Summoning/Translocation      5
   f - Monstrous Menagerie            Summoning                    6
Comestibles
 c - 3 bread rations
 n - 6 meat rations


   Skills:
 + Level 4.4 Polearms
 - Level 2.6 Dodging
 - Level 2.1 Stealth
 * Level 9.0 Spellcasting
 - Level 0.7 Conjurations
 + Level 7.9 Ice Magic


You had 12 spell levels left.
You knew the following spells:

 Your Spells              Type           Power        Failure   Level  Hunger
a - Freeze                Ice            ####         1%          1    None
b - Ozocubu's Armour      Chrm/Ice       ###.....     6%          3    None
c - Throw Frost           Conj/Ice       ###...       1%          2    None
d - Throw Icicle          Conj/Ice       ###.....     17%         4    ###....
e - Condensation Shield   Ice            #####.....   3%          4    ###....


Dungeon Overview and Level Annotations

Branches:
Dungeon (7/15)             Temple (1/1) D:6

Altars:
Cheibriados
Dithmenos
Elyvilon
Fedhas
Gozag
Kikubaaqudgha
Nemelex Xobeh
Okawaru
Qazlal
Ru
Trog
Xom
Yredelemnul
Zin
The Shining One


Message History

The yak is almost dead.
The yak gores you.
* * * LOW HITPOINT WARNING * * *
You block the sheep's attack.
Casting: Freeze
Confirm with . or Enter, or press ? or * to list all spells.
Aiming: Freeze
Press: ? - help, Shift-Dir - straight line, f/p - yak
Aim: a yak (almost dead)
You freeze the yak.
The yak is almost dead.
The yak barely misses you. The sheep bites you.
* * * LOW HITPOINT WARNING * * *
Drink which item? (? for menu, Esc to quit)
It was a potion of resistance.
You feel protected. The yak gores you but does no damage.
The sheep closely misses you.
Drink which item? (? for menu, Esc to quit)
It was a potion of magic.
Magic courses through your body. The yak gores you!
You die...

#.# #.# #.# ##########
.....##..# ## .....#...##
#.. #####'###....#
##...##.#Y...%#....# .
#.......@YY.%%#....# ##.#
#.....†.#######....###..#
#....................##..#
...................###...
..................## #..#
#............##..## ##..#
............##### ##...#
...........# #.....
.##.......# ##.....


You could see a yak and 2 sheep.

Vanquished Creatures
  Pikel (D:5)
  A hippogriff (D:7)
  A human (D:7)
  A sky beast (D:6)
  A phantom (D:6)
  3 centaurs (D:5)
  2 ogres
  2 scorpions
  A water moccasin skeleton (D:5)
  3 hounds
  2 orc wizards
  A sheep (D:7)
  6 worker ants
  Ijyb (D:2)
  A hound zombie (D:5)
  A hound skeleton (D:4)
  7 gnolls
  2 giant mites
  2 shadow imps
  12 adders
  4 worms
  7 giant geckos
  17 orcs
  9 goblins
  4 hobgoblins
  13 jackals
  20 kobolds
  2 quokkas (D:2)
  3 ball pythons
  8 bats
  6 giant cockroaches
  6 giant newts
  14 rats
  A butterfly (D:6)
165 creatures vanquished.

Vanquished Creatures (others)
  A giant frog zombie (D:5)
1 creature vanquished.

Grand Total: 166 creatures vanquished

Notes
Turn   | Place    | Note
--------------------------------------------------------------
     0 | D:1      | ajon, the Merfolk Ice Elementalist, began the quest for the Orb.
     0 | D:1      | Reached XP level 1. HP: 13/13 MP: 3/3
   525 | D:1      | Reached XP level 2. HP: 19/19 MP: 3/5
  1141 | D:1      | Reached XP level 3. HP: 13/24 MP: 2/6
  1658 | D:3      | Learned a level 3 spell: Ozocubu's Armour
  1661 | D:3      | Learned a level 2 spell: Throw Frost
  1811 | D:2      | Reached XP level 4. HP: 3/30 MP: 2/10
  2291 | D:2      | Reached skill level 4 in Ice Magic
  2564 | D:2      | Noticed Ijyb
  2573 | D:2      | Killed Ijyb
  2876 | D:2      | Reached XP level 5. HP: 35/35 MP: 13/13
  2882 | D:2      | Learned a level 4 spell: Throw Icicle
  3376 | D:3      | Found a sacrificial altar of Ru.
  3550 | D:3      | Found an opulent altar of Gozag.
  4192 | D:4      | Found a shadowy altar of Dithmenos.
  4963 | D:5      | Entered Level 5 of the Dungeon
  4994 | D:5      | Reached skill level 5 in Ice Magic
  4994 | D:5      | Reached XP level 6. HP: 36/41 MP: 12/16
  5108 | D:5      | Reached skill level 5 in Spellcasting
  5208 | D:5      | Learned a level 4 spell: Condensation Shield
  5243 | D:5      | Noticed a centaur
  5259 | D:5      | Found a sparkling altar of Nemelex Xobeh.
  5259 | D:5      | Noticed a centaur
  5269 | D:5      | Killed a centaur
  5474 | D:5      | Killed a centaur
  5474 | D:5      | Reached XP level 7. HP: 20/46 MP: 10/19
  6108 | D:5      | Reached skill level 6 in Spellcasting
  6950 | D:5      | Found a shimmering altar of Xom.
  6955 | D:5      | Found an ancient bone altar of Kikubaaqudgha.
  6975 | D:5      | Found an iron altar of Okawaru.
  7250 | D:5      | Noticed a slave
  7250 | D:5      | Noticed a slave
  7250 | D:5      | Noticed a slave
  7271 | D:5      | Noticed Pikel
  7272 | D:5      | Noticed a slave
  7283 | D:5      | Killed Pikel
  7283 | D:5      | Reached skill level 7 in Spellcasting
  7283 | D:5      | Reached XP level 8. HP: 52/52 MP: 10/23
  7675 | D:6      | Found a glowing golden altar of the Shining One.
  7676 | D:6      | Noticed an angel
  7680 | D:6      | Found a basalt altar of Yredelemnul.
  7681 | D:6      | Noticed a profane servitor
  7781 | D:6      | Reached skill level 1 in Polearms
  8371 | D:6      | Reached skill level 8 in Spellcasting
  8534 | D:6      | Found a staircase to the Ecumenical Temple.
  8543 | Temple   | Entered the Ecumenical Temple
  8597 | Temple   | Became a worshipper of Qazlal Stormbringer
  8687 | D:6      | Reached XP level 9. HP: 48/57 MP: 20/25
  9408 | D:7      | Acquired Qazlal's first power
  9419 | D:7      | Reached skill level 9 in Spellcasting
  9427 | D:7      | HP: 1/57 [sheep (5)]
  9429 | D:7      | Demolished by a yak

Action                   |  1- 3 |  4- 6 |  7- 9 || total
-------------------------+-------+-------+-------++-------
Melee: Unarmed           |     1 |       |       ||     1
       Short sword       |    19 |     1 |       ||    20
       Halberd           |       |   210 |   201 ||   411
       Spear             |       |     5 |       ||     5
 Cast: Freeze            |    53 |    12 |    50 ||   115
       Ozocubu's Armour  |       |     3 |    13 ||    16
       Throw Frost       |       |     4 |    40 ||    44
       Condensation Shie |       |       |     8 ||     8
  Use: Potion            |       |       |     3 ||     3
 Stab: Sleeping          |       |     6 |       ||     6
       Distracted        |       |     1 |     1 ||     2
  Eat: Chunk             |     3 |    11 |    10 ||    24
       Beef jerky        |       |     1 |       ||     1
       Royal jelly       |       |       |     1 ||     1
       Pizza             |       |       |     1 ||     1
